 Dungeon Crawl Stone Soup version 0.26.1-11-gd32895ea62 (webtiles) character file.

Game seed: 11401785374461678618

984 Zeld the Twirler (level 8, -5/50 HPs)
             Began as an Octopode Gladiator on May 20, 2021.
             Slain by a centaur (7 damage)
             ... on level 5 of the Dungeon.
             The game lasted 00:04:43 (6385 turns).

Zeld the Twirler (Octopode Gladiator)               Turns: 6385, Time: 00:04:44

Health: -5/50      AC:  3    Str: 13    XL:     8   Next: 18%
Magic:  8/8        EV: 14    Int: 11    God:
Gold:   151        SH:  0    Dex: 15    Spells: 7/7 levels left

rFire    . . .     SeeInvis .   a - +0 quarterstaff
rCold    . . .     Faith    .   (shield currently unavailable)
rNeg     . . .     Spirit   .   i - +2 hat
rPois    .         Reflect  .   (no amulet)
rElec    .         Harm     .   (no ring)
rCorr    .         Rampage  .   (no ring)
Will     .....                  (no ring)
Stlth    ++........             (no ring)
HPRegen  0.16/turn              (no ring)
MPRegen  0.11/turn              (no ring)
                                (no ring)
                                (no ring)

@: no status effects
A: almost no armour, stealthy swim, amphibious, 8 rings, constrict 8, camouflage
1, gelatinous body 1
a: no special abilities


You were on level 5 of the Dungeon.
You visited 1 branch of the dungeon, and saw 5 of its levels.

You collected 241 gold pieces.
You spent 90 gold pieces at shops.

Inventory:

Hand Weapons
 a - a +0 quarterstaff (weapon)
Missiles
 c - 3 throwing nets
 p - 3 boomerangs (quivered)
Armour
 i - a +2 hat (worn)
Jewellery
 q - an uncursed amulet of regeneration {unknown}
Scrolls
 b - a scroll of blinking {unknown}
 d - 2 scrolls of magic mapping {unknown}
 e - 4 scrolls of identify {unknown}
 f - a scroll of fear {unknown}
 h - 7 scrolls of remove curse
 l - 4 scrolls of teleportation {unknown}
 m - a scroll of immolation {unknown}
 n - a scroll of enchant weapon {unknown}
Potions
 j - 2 potions of haste {unknown}
 k - 3 potions of lignification {unknown}
 o - a potion of mutation {unknown}
 r - a potion of ambrosia {unknown}


   Skills:
 - Level 2.0 Fighting
 * Level 7.7 Staves
 + Level 6.1 Throwing
 - Level 3.0 Dodging


You had 7 spell levels left.
You didn't know any spells.
Your spell library was empty.

Dungeon Overview and Level Annotations

Branches:
Dungeon (5/15)
 Temple: D:4-7

Altars:
Fedhas
Hepliaklqana
Zin
The Shining One


Innate Abilities, Weirdness & Mutations

You cannot wear most types of armour.
You are very stealthy in the water. (Stealth+)
You are amphibious.
You can wear up to eight rings at the same time.
You can use your tentacles to constrict eight enemies at once.
Your skin changes colour to match your surroundings (Stealth+).
Your rubbery body absorbs attacks. (AC +1, EV +1)


Message History

You hear an angry hiss.
You see here an arrow.
You feel better.
The centaur shoots an arrow.
The arrow closely misses you.
You feel better.
You hit the centaur but do no damage.
The centaur unwields a +0 shortbow.
The centaur hits you but does no damage.
You barely miss the centaur. The centaur hits you!
* * * LOW HITPOINT WARNING * * *
The centaur hits you!
* * * LOW HITPOINT WARNING * * *
You barely miss the centaur.
An adder comes into view.
The centaur hits you!
* * * LOW HITPOINT WARNING * * *
You feel better.
The adder hisses angrily.
The centaur hits you.
* * * LOW HITPOINT WARNING * * *
The centaur hits you!
You die...

### .....#.# ...
.c......# ###
........# ..
.......# ##
......# #....# #
#S..(# # .
##c...#.#.#
####@....#.#.###
#..(............
##((...#.#.#.##.
##((.........#
###....#.#.##.
#........(..
#.†.........
#....#.#.###
#..........


You could see a centaur and an adder.

Vanquished Creatures
  Sigmund (D:5)
  2 ogres
  3 scorpions (D:5)
  A howler monkey (D:5)
  A bullfrog skeleton (D:5)
  A centaur skeleton (D:4)
  A hound (D:5)
  A jelly (D:5)
  An iguana (D:5)
  4 orc wizards
  Natasha (twice) (D:4)
  A hound zombie (D:5)
  A hound skeleton (D:4)
  7 adders
  A white imp (D:5)
  2 adder skeletons
  4 worms
  4 dart slugs
  2 leopard geckos
  12 orcs
  7 bats
  4 giant cockroaches
  7 goblins
  5 hobgoblins
  7 jackals
  A quokka (D:3)
  4 ball pythons
  5 frilled lizards
  3 kobolds
  A leopard gecko skeleton (D:4)
  A quokka zombie (D:5)
  5 rats
102 creatures vanquished.

Vanquished Creatures (others)
  13 fungi (D:5)
  2 plants (D:5)
15 creatures vanquished.

Grand Total: 117 creatures vanquished

Notes
Turn   | Place    | Note
-------+----------+-------------------------------------------
     0 | D:1      | Zeld the Octopode Gladiator began the quest for the Orb.
     0 | D:1      | Reached XP level 1. HP: 14/14 MP: 1/1
    83 | D:1      | Reached XP level 2. HP: 19/19 MP: 2/2
   767 | D:1      | Reached XP level 3. HP: 22/24 MP: 3/3
  1496 | D:2      | Found Zin's Purification Station.
  1499 | D:2      | Found a glowing silver altar of Zin.
  1941 | D:2      | Reached XP level 4. HP: 25/29 MP: 4/4
  2041 | D:2      | Reached skill level 4 in Staves
  2739 | D:2      | Bought a potion of curing for 90 gold pieces
  2751 | D:3      | Found a hazy altar of Hepliaklqana.
  3430 | D:3      | Reached XP level 5. HP: 12/34 MP: 5/5
  3874 | D:3      | Found a blossoming altar of Fedhas.
  4147 | D:4      | Noticed Natasha
  4148 | D:4      | Noticed an ogre
  4165 | D:4      | Killed Natasha
  4670 | D:4      | Noticed an ogre
  4676 | D:4      | Killed an ogre
  4677 | D:4      | Reached skill level 5 in Staves
  4677 | D:4      | Reached XP level 6. HP: 39/39 MP: 6/6
  4795 | D:4      | Noticed Natasha
  4804 | D:4      | Killed Natasha
  4936 | D:4      | Reached skill level 5 in Throwing
  5342 | D:5      | Entered Level 5 of the Dungeon
  5360 | D:5      | Reached XP level 7. HP: 45/45 MP: 7/7
  5381 | D:5      | Found a glowing golden altar of the Shining One.
  5381 | D:5      | Noticed Sigmund
  5387 | D:5      | Killed Sigmund
  5388 | D:5      | Reached skill level 6 in Staves
  6220 | D:5      | Reached skill level 7 in Staves
  6229 | D:5      | Reached XP level 8. HP: 50/50 MP: 8/8
  6384 | D:5      | HP: 1/50 [centaur (7)]
  6385 | D:5      | Slain by a centaur

Illustrated notes

Levels and vault maps discovered:
D:1:      minmay_arrival_four_circles, layout_basic, lemuel_another_geyser
D:2:      layout_loops_corners, zin_purify
D:3:      layout_rooms, overflow_temple_1_default, lemuel_doored_altar
D:4:      layout_cave_pods, minmay_unequal, uniq_natasha
D:5:      old_forge, layout_basic, elyvilon_altar_1, tso_altar, uniq_sigmund

Skill      XL: |  1  2  3  4  5  6  7 |
---------------+----------------------+-----
Throwing       | 3 4 5 6 |  6.1
Staves         | 4 5 7 |  7.7
Fighting       | |  2.0
Dodging        | |  3.0

Action                   |  1- 3 |  4- 6 |  7- 9 || total
-------------------------+-------+-------+-------++-------
Melee: Quarterstaff      |    60 |   107 |    89 ||   256
       Constrict         |    15 |    29 |    27 ||    71
       Tentacles         |    13 |    31 |    23 ||    67
  Use: Potion            |     1 |     1 |     5 ||     7
       Scroll            |       |     1 |       ||     1
 Stab: Sleeping          |     4 |     5 |     2 ||    11
Armor: Skin              |     6 |     3 |    12 ||    21
Dodge: Dodged            |    40 |    90 |    60 ||   190
